 Dungeon Crawl Stone Soup version 0.24-a0-127-gfc1eed5 (webtiles) character file.

Game seed: 0

17614 DarkinPup the Carver (level 12, -15/97 HPs)
             Began as a Demonspawn Gladiator on Feb 26, 2019.
             Was a High Priest of Okawaru.
             Demolished by Rupert
             ... wielding a +2 triple sword of protection
              (34 damage)
             ... on level 12 of the Dungeon.
             The game lasted 00:29:51 (10090 turns).

DarkinPup the Carver (Demonspawn Gladiator)        Turns: 10090, Time: 00:29:52

Health: -15/97     AC: 17    Str: 18    XL:     12   Next: 20%
Magic:  14/14      EV: 17    Int: 16    God:    Okawaru [*****.]
Gold:   565        SH:  0    Dex: 21    Spells: 11/11 levels left

rFire    . . .     SeeInvis .   F - +7 falchion of the Demagogue {slice, rC+ Str+2 Dex+4}
rCold    + . .     Gourm    .   (no shield)
rNeg     . . .     Faith    .   x - +0 chain mail
rPois    .         Spirit   .   (helmet unavailable)
rElec    .         Reflect  .   B - +1 cloak
rCorr    .         Harm     .   E - +0 pair of gloves
MR       .....                  e - +0 pair of boots
Stlth    ..........             q - amulet of regeneration
HPRegen  0.66/turn              G - +5 ring of intelligence
MPRegen  0.14/turn              P - +4 ring of evasion

@: no status effects
A: horns 3, rugged brown scales 1, spiny 2
a: Heroism, Finesse, Renounce Religion


You were on level 12 of the Dungeon.
You worshipped Okawaru.
Okawaru was extremely pleased with you.
You were hungry.

You visited 2 branches of the dungeon, and saw 14 of its levels.
You also visited: Ossuary.

You collected 997 gold pieces.
You spent 432 gold pieces at shops.

Inventory:

Hand Weapons
 b - a +0 great sword
 F - the +7 falchion of the Demagogue (weapon) {slice, rC+ Str+2 Dex+4}
   (You found it on level 5 of the Dungeon)

   It inflicts extra damage upon your enemies.
   It affects your strength (+2).
   It affects your dexterity (+4).
   It protects you from cold.
 S - a +1 triple sword of draining
Missiles
 d - a throwing net (quivered)
 o - 2 silver javelins
Armour
 e - a +0 pair of boots (worn)
 x - a +0 chain mail (worn)
 B - a +1 cloak (worn)
 E - a +0 pair of gloves (worn)
 T - a +0 troll leather armour
Jewellery
 m - an uncursed amulet of magic regeneration
 q - an amulet of regeneration (around neck)
 G - a +5 ring of intelligence (left hand)
 I - an uncursed ring of fire
 P - a +4 ring of evasion (right hand)
 W - an uncursed ring of ice {unknown}
Wands
 H - a wand of acid (12)
 O - a wand of flame (18)
 Q - a wand of digging (10)
Scrolls
 a - 5 scrolls of identify
 c - 5 scrolls of enchant armour
 g - 5 scrolls of blinking {unknown}
 h - 2 scrolls of amnesia {unknown}
 i - 3 scrolls of fog
 k - 2 scrolls of noise {unknown}
 l - 3 scrolls of magic mapping
 p - 12 scrolls of remove curse
 s - a scroll of fear {unknown}
 y - 8 scrolls of teleportation {unknown}
 z - 8 scrolls of random uselessness {unknown}
 C - 2 scrolls of enchant weapon {unknown}
 K - 3 scrolls of immolation {unknown}
Potions
 j - a potion of magic
 n - 4 potions of flight {unknown}
 r - 3 potions of brilliance
 t - 3 potions of might
 u - 15 potions of degeneration {unknown}
 v - a potion of agility {unknown}
 w - 11 potions of curing
 A - 5 potions of lignification {unknown}
 D - 3 potions of heal wounds {unknown}
 J - 2 potions of invisibility {unknown}
 L - 2 potions of haste
 M - 4 potions of resistance {unknown}
 N - a potion of mutation {unknown}
 R - a potion of ambrosia {unknown}
 U - a potion of berserk rage {unknown}
 V - a potion of cancellation {unknown}
Comestibles
 f - 26 rations


   Skills:
 + Level 9.2 Fighting
 * Level 11.4 Long Blades
 - Level 1.7 Throwing
 * Level 8.4 Armour
 * Level 9.1 Dodging
 + Level 3.8 Invocations


You had 11 spell levels left.
You didn't know any spells.
Your spell library contained the following spells:

 Spells                   Type           Power        Failure   Level  Hunger
 Animate Skeleton         Necr           N/A          94%         1    ##.....
 Apportation              Tloc           #.....       94%         1    ##.....
 Confusing Touch          Hex            #.....       94%         1    ##.....
 Freeze                   Ice            #...         94%         1    ##.....
 Pain                     Necr           #...         94%         1    ##.....
 Summon Butterflies       Summ           #.......     94%         1    ##.....
 Summon Small Mammal      Summ           #...         94%         1    ##.....
 Throw Frost              Conj/Ice       #.....       98%         2    ###....
 Call Canine Familiar     Summ           #.......     100%        3    ####...
 Ozocubu's Armour         Chrm/Ice       #.......     100%        3    ####...
 Regeneration             Chrm/Necr      #.........   100%        3    ####...
 Vampiric Draining        Necr           #.........   100%        3    ####...
 Animate Dead             Necr           N/A          100%        4    #####..
 Leda's Liquefaction      Hex/Erth       #.........   100%        4    #####..
 Summon Ice Beast         Ice/Summ       #.......     100%        4    #####..
 Throw Icicle             Conj/Ice       #.......     100%        4    #####..
 Bolt of Magma            Conj/Fire/Erth #.........   100%        5    ######.
 Summon Mana Viper        Hex/Summ       #.......     100%        5    ######.
 Iron Shot                Conj/Erth      #.........   100%        6    #######
 Statue Form              Tmut/Erth      #........    100%        6    #######
 Summon Hydra             Summ           #.........   100%        7    #######
 Shatter                  Erth           #.........   100%        9    #######


Dungeon Overview and Level Annotations

Branches:
Dungeon (13/15)            Temple (1/1) D:7            Lair (0/6) D:10
    Orc (0/2) D:12
 Vaults: D:13-14

Altars:
Ashenzari
Cheibriados
Dithmenos
Elyvilon
Fedhas
Gozag
Hepliaklqana
Kikubaaqudgha
Makhleb
Nemelex Xobeh
Okawaru
Qazlal
Ru
Sif Muna
Trog
Uskayaw
Vehumet
Wu Jian
Xom
Yredelemnul
Zin
The Shining One

Shops:
D:9 =

Annotations:
D:4 3 runed translucent doors, ICEMaiden's ghost, amateur GnWz; avis's ghost, amateur HOMo
D:12 Rupert


Innate Abilities, Weirdness & Mutations

You have a pair of large horns on your head.
You are partially covered in rugged brown scales. (AC +1, +3% HP)
You are mostly covered in sharp spines.


Message History

Aim: Rupert, wielding a +2 triple sword of protection and wearing a +0 chain mail (heavily wounded)
You throw a throwing net. The throwing net barely misses Rupert.
You hit Rupert.
Rupert is heavily wounded.
Rupert roars madly and goes into a rage!
Rupert goes berserk!
You slash Rupert!
Rupert is severely wounded.
Rupert hits you with a +2 triple sword of protection!
You closely miss Rupert.
Rupert is severely wounded.
Rupert hits you with a +2 triple sword of protection!!
* * * LOW HITPOINT WARNING * * *
Your chain mail prevents you from hitting Rupert.
Your headbutt misses Rupert.
Rupert is heavily wounded.
You hit Rupert but do no damage. Your headbutt misses Rupert.
Rupert is heavily wounded.
Rupert hits you with a +2 triple sword of protection!!
You die...

#.........#..<..#.........#..
#.........#.....#.........#..
#.........#.....#.........#..
#.........#.....#.........#..
##################'####'#####
#........#...........#.......
#........#(.........>#.......
#........#.@.........#....>..
#........#..@........#.......
####'#####..#################
#.........[.#........#.......
#...........'........#.......
#...........#........#.......
#...........#........#.......
###################'##.######
#.....#......#.........#.....
#.....#......#.........#.....


You could see Rupert (berserk).

Vanquished Creatures
  Harold (D:8)
  A hydra (D:12)
  6 two-headed ogres
  An ugly thing (D:12)
  A manticore (D:12)
  2 gargoyles (D:11)
  A troll (D:12)
  Prince Ribbit (D:6)
  2 hornets (D:10)
  6 slime creatures (D:12)
  A meliai zombie (D:10)
  A shadow (D:11)
  5 yaks (D:9)
  A hungry ghost (D:11)
  A soldier ant (D:10)
  A two-headed ogre zombie (D:12)
  4 phantoms
  An ice beast (D:12)
  A necrophage (D:10)
  10 orc warriors
  A black bear (D:6)
  4 ogres
  3 sky beasts (D:7)
  9 centaurs
  2 bullfrogs
  A big kobold (D:8)
  6 scorpions
  2 wyvern skeletons (D:9)
  2 troll zombies (D:12)
  17 killer bees
  8 wights
  2 centaur zombies (D:11)
  5 crimson imps
  14 hounds
  4 bullfrog zombies
  2 human zombies (Ossuary)
  4 jellies
  5 orc priests
  3 centaur skeletons
  16 orc wizards
  8 worker ants
  7 iguanas
  A big kobold zombie (Ossuary)
  5 ogre zombies (D:12)
  3 mummies (Ossuary)
  2 hound skeletons (D:8)
  8 gnolls
  A howler monkey skeleton (D:8)
  15 adders
  5 shadow imps
  An ooze (D:4)
  3 adder skeletons
  2 worms
  6 dart slugs
  5 leopard geckos
  62 orcs
  6 giant cockroaches
  2 gnoll zombies (Ossuary)
  11 goblins
  8 hobgoblins
  21 jackals
  3 quokkas
  3 ball pythons
  6 bats
  11 frilled lizards
  A giant cockroach zombie (D:4)
  A goblin skeleton (D:12)
  5 goblin zombies (D:12)
  6 hobgoblin zombies
  14 kobolds
  A leopard gecko skeleton (D:5)
  4 orc skeletons (D:12)
  12 orc zombies
  9 rats
416 creatures vanquished.

Vanquished Creatures (others)
  An orc (D:11)
  2 withered plants (D:4)
3 creatures vanquished.

Grand Total: 419 creatures vanquished

Notes
Turn   | Place    | Note
-------+----------+-------------------------------------------
     0 | D:1      | DarkinPup the Demonspawn Gladiator began the quest for the
                  | Orb.
     0 | D:1      | Reached XP level 1. HP: 16/16 MP: 1/1
   177 | D:1      | Gained mutation: You have a pair of small horns on your
                  | head. [demonic ancestry]
   177 | D:1      | Reached XP level 2. HP: 22/22 MP: 2/2
   272 | D:1      | Reached skill level 3 in Long Blades
   486 | D:1      | Reached XP level 3. HP: 23/28 MP: 3/3
  1344 | D:2      | Found a burning altar of Makhleb.
  1355 | D:2      | HP: 1/28 [hound (1)]
  1357 | D:2      | Reached skill level 1 in Armour
  1357 | D:2      | Gained mutation: You are partially covered in rugged brown
                  | scales. (AC +1, +3% HP) [demonic ancestry]
  1357 | D:2      | Reached XP level 4. HP: 2/36 MP: 4/4
  1507 | D:2      | Found a faded altar of an unknown god.
  2091 | D:3      | Gained mutation: You are partially covered in sharp spines.
                  | [demonic ancestry]
  2091 | D:3      | Reached XP level 5. HP: 42/42 MP: 5/5
  2231 | D:3      | Found a basalt altar of Yredelemnul.
  2562 | D:4      | Noticed a centaur
  2567 | D:4      | Killed a centaur
  2567 | D:4      | Reached skill level 4 in Long Blades
  2568 | D:4      | Gained mutation: You are mostly covered in sharp spines.
                  | [demonic ancestry]
  2568 | D:4      | Reached XP level 6. HP: 42/49 MP: 6/6
  2663 | D:4      | Found a runed translucent gate.
  2664 | D:4      | Found a runed translucent gate.
  2664 | D:4      | Found a runed translucent gate.
  2672 | D:4      | Noticed ICEMaiden's ghost (amateur GnWz)
  2673 | D:4      | Noticed avis's ghost (amateur HOMo)
  2934 | D:4      | Found a shadowy altar of Dithmenos.
  3250 | D:5      | Entered Level 5 of the Dungeon
  3328 | D:5      | Reached XP level 7. HP: 55/55 MP: 7/7
  3457 | D:5      | Reached skill level 5 in Long Blades
  3576 | D:5      | Got a sapphire falchion
  3588 | D:5      | Identified the +7 falchion of the Demagogue {slice, rC+
                  | Str+2 Dex+4} (You found it on level 5 of the Dungeon)
  3926 | D:6      | Gained mutation: You have a pair of horns on your head.
                  | [demonic ancestry]
  3926 | D:6      | Reached XP level 8. HP: 62/62 MP: 8/8
  4025 | D:6      | Reached skill level 5 in Dodging
  4053 | D:6      | Found a sand-covered staircase.
  4061 | D:6      | Reached skill level 5 in Fighting
  4061 | D:6      | Reached skill level 6 in Long Blades
  4130 | Ossuary  | Entered an ossuary
  4493 | D:6      | Noticed Prince Ribbit
  4500 | D:6      | Killed Prince Ribbit
  4522 | D:6      | Reached skill level 7 in Long Blades
  4815 | D:7      | Reached XP level 9. HP: 71/71 MP: 9/9
  4851 | D:7      | Found a staircase to the Ecumenical Temple.
  4856 | Temple   | Entered the Ecumenical Temple
  4913 | Temple   | Became a worshipper of Warmaster Okawaru
  5402 | D:7      | Reached * piety under Okawaru
  5417 | D:7      | Reached skill level 5 in Armour
  5420 | D:7      | Reached skill level 8 in Long Blades
  5738 | D:8      | Noticed Harold
  5750 | D:8      | Killed Harold
  5750 | D:8      | Reached ** piety under Okawaru
  5881 | D:8      | Reached XP level 10. HP: 54/79 MP: 10/10
  6127 | D:8      | Noticed a two-headed ogre
  6131 | D:8      | Killed a two-headed ogre
  6131 | D:8      | Reached skill level 9 in Long Blades
  6542 | D:9      | Found Texzi's Jewellery Boutique.
  6550 | D:9      | Bought a +4 ring of evasion for 432 gold pieces
  6686 | D:9      | Reached *** piety under Okawaru
  7156 | D:10     | Entered Level 10 of the Dungeon
  7162 | D:10     | Reached skill level 10 in Long Blades
  7223 | D:10     | Found a shimmering altar of Xom.
  7237 | D:10     | Reached **** piety under Okawaru
  7285 | D:10     | Noticed a two-headed ogre
  7290 | D:10     | Gained mutation: You have a pair of large horns on your
                  | head. [demonic ancestry]
  7290 | D:10     | Reached XP level 11. HP: 79/88 MP: 11/11
  7299 | D:10     | Killed a two-headed ogre
  7394 | D:10     | Found a staircase to the Lair.
  7394 | D:10     | Noticed a two-headed ogre
  7403 | D:10     | Killed a two-headed ogre
  7403 | D:10     | Reached ***** piety under Okawaru
  7445 | D:10     | Noticed a two-headed ogre
  7481 | D:10     | Killed a two-headed ogre
  8367 | D:11     | Received a gift from Okawaru
  8572 | D:11     | Reached skill level 1 in Invocations
  8602 | D:11     | Noticed a two-headed ogre
  8606 | D:11     | Killed a two-headed ogre
  8606 | D:11     | Reached skill level 11 in Long Blades
  8863 | D:12     | Noticed a four-headed hydra
  8889 | D:12     | Killed a 19-headed hydra
  8889 | D:12     | Received a gift from Okawaru
  9207 | D:12     | Noticed a two-headed ogre
  9210 | D:12     | Killed a two-headed ogre
  9210 | D:12     | Reached XP level 12. HP: 97/97 MP: 14/14
  9270 | D:12     | Found a staircase to the Orcish Mines.
 10048 | D:13     | Noticed Rupert
 10076 | D:12     | Paralysed by Rupert for 5 turns
 10090 | D:12     | Demolished by Rupert

Levels and vault maps discovered:
D:1:      kilobyte_arrival_exit_the_forest, layout_loops_corners,
          grunt_decor_mini_mirrors, minmay_lizard_pond
D:2:      layout_loops_ring, chequers_ecumenical_altar_lobes, serial_rivers,
          chequers_serial_rivers_large_a, chequers_serial_rivers_small_3,
          chequers_serial_rivers_micro_b, chequers_serial_rivers_small_b,
          chequers_serial_rivers_micro_b, minivault_25, makhleb_heckhound_becter
D:3:      layout_loops_ring, first_ration, yredelemnul_altar_generic
D:4:      layout_basic, grunt_dithmenos_smoke_and_mirrors,
          gammafunk_ghost_cemetery, grunt_ministairs_2
D:5:      layout_basic, kennysheep_doodads, grunt_ministairs_9, st_stairs_14
D:6:      layout_loops_ring, lightli_ossuary_entry_decrepit_ruins,
          uniq_prince_ribbit1
D:7:      layout_loops_ring, temple_doors_cd, eino_jars
D:8:      layout_basic, uniq_harold
D:9:      layout_small_grid, serial_shops, nicolae_shop_crystal
D:10:     layout_irregular_city, lair_entry_dummy, basic_altar,
          hangedman_pestilent_swarm
D:11:     layout_irregular_city
D:12:     layout_grid_maze, zombieorc2_lemuel
D:13:     layout_roguey, gammafunk_ghost_hive, serial_shops,
          kennysheep_little_box, evilmike_minifort, uniq_rupert
Temple:   minmay_crystal_snake_temple
Ossuary:  ossuary_crypta

Skill      XL: |  1  2  3  4  5  6  7  8  9 10 11 12 |
---------------+-------------------------------------+-----
Dodging        | 3 4 5 6 7 8 9 |  9.1
Long Blades    | 3 4 5 7 8 10 11 | 11.4
Fighting       | 3 4 5 6 8 9 |  9.2
Armour         | 1 2 3 4 5 6 8 |  8.4
Invocations    | 3 |  3.8
Throwing       | |  1.7

Action                   |  1- 3 |  4- 6 |  7- 9 | 10-12 || total
-------------------------+-------+-------+-------+-------++-------
Melee: Long sword        |   106 |    83 |       |       ||   189
       Headbutt          |    19 |    21 |    57 |   126 ||   223
       Great sword       |       |    52 |    24 |       ||    76
       Falchion          |       |       |   204 |   428 ||   632
       Punch             |       |       |       |     2 ||     2
Throw: Throwing net      |       |       |     1 |     6 ||     7
Invok: Heroism           |       |       |       |     1 ||     1
Evoke: Wand              |       |       |       |     2 ||     2
  Use: Scroll            |       |       |     4 |     6 ||    10
 Stab: Held in net/web   |       |       |     1 |     3 ||     4
  Eat: Chunk             |     1 |     7 |     9 |    13 ||    30
Armor: Leather armour    |    20 |    21 |       |       ||    41
       Chain mail        |       |    46 |   114 |   122 ||   282
Dodge: Dodged            |    95 |    81 |    92 |   315 ||   583
       Rpst.: Long sword |    39 |    15 |       |       ||    54
       Great sword       |       |     4 |     4 |       ||     8
       Falchion          |       |       |    27 |    71 ||    98

Table legend:
 A = Non-vault XP
 B = Vault XP
 C = Vault XP percentage of total XP
 D = Non-vault monster count
 E = Vault monster count
 F = Vault count percentage of total count
                 A         B        C        D         E       F
            +---------+---------+-------+---------+---------+-------
      Total |   21671 |    3493 |  13.9 |     344 |      72 |  17.3
            +---------+---------+-------+---------+---------+-------
        D:1 |      50 |       7 |  12.3 |      24 |       7 |  22.6
        D:2 |      65 |      45 |  40.9 |      31 |       1 |   3.1
        D:3 |      78 |       0 |   0.0 |      24 |       0 |   0.0
        D:4 |     285 |      13 |   4.4 |      17 |       1 |   5.6
        D:5 |     413 |      54 |  11.6 |      12 |       3 |  20.0
        D:6 |    1241 |     300 |  19.5 |      36 |       1 |   2.7
        D:7 |    1021 |     447 |  30.4 |      25 |       7 |  21.9
        D:8 |    1962 |     965 |  33.0 |      35 |       1 |   2.8
        D:9 |    2633 |       0 |   0.0 |      43 |       0 |   0.0
       D:10 |    4037 |     770 |  16.0 |      28 |       4 |  12.5
       D:11 |    3911 |       0 |   0.0 |      41 |       0 |   0.0
       D:12 |    5975 |     715 |  10.7 |      28 |      36 |  56.2
    Ossuary |       0 |     177 | 100.0 |       0 |      11 | 100.0
            +---------+---------+-------+---------+---------+-------
